Predators vs Flames
Created - 10 mars 2015 at 19:05
Goals
|
| Predators |
0 |
0 |
1 |
1 |
| Flames |
1 |
0 |
2 |
3 |
|
Shots
|
| Predators |
5 |
16 |
9 |
30 |
| Flames |
9 |
10 |
10 |
29 |
|
1st period
1. Flames , Steve Regier 16 (Mikhail Grabovski, Jordin Tootoo) at 11:52
Penalties :
Michael Grabner (Nas) for Hooking (Minor) at 2:10, Alexander Semin (Cal) for Hooking (Minor) at 14:06, Danny Richmond (Nas) for High sticking (Minor) at 15:05
2nd period
No Goal
Penalties :
Steve Eminger (Cal) for Roughing (Minor) at 0:37, Alexander Semin (Cal) for Hooking (Minor) at 3:48, Steve Eminger (Cal) for Delaying the game (Minor) at 9:28
3rd period
2. Flames , Eric Staal 35 (Ron Hainsey) at 2:52 (PP)
3. Predators , Joe Thornton 35 (Barret Jackman, Alexander Ovechkin) at 15:19
4. Flames , David Backes 35 (Eric Staal, Alexander Semin) at 18:59 (Empty Net)
Penalties :
Georges Laraque (Nas) for Hooking (Minor) at 0:39, Robyn Regehr (Nas) for Diving (Minor) at 2:49, Kent Huskins (Nas) for High sticking (Minor) at 9:09, Josef Vasicek (Nas) for Charging (Minor) at 12:40
Goalie Stats
Ray Emery (Nas), 26 saves from 28 shots - (0,929), L, 4-6-3, 59:52 minutes
Pekka Rinne (Cal), 29 saves from 30 shots - (0,967), W, 32-13-7, 60:00 minutes
Players Stats for Predators
Player Name G A P +/- PIM S H SB GA TA FO MP PP MP PK MP
------------------------------------------------------------------------------------
Alexander Edler 0 0 0 0 0 3 0 2 2 0 0/0 28:02 4:49 4:12
Alexander Ovechkin 0 1 1 1 0 3 3 1 1 0 0/1 23:28 3:56 3:36
Alexander Steen 0 0 0 -1 0 6 2 0 0 0 0/1 19:38 3:00 3:58
Andy Miele 0 0 0 -1 0 4 0 0 0 0 2/7 13:49 0:00 0:09
Barret Jackman 0 1 1 0 0 0 1 1 0 0 0/0 10:41 0:00 0:55
Danny Richmond 0 0 0 -1 2 1 0 2 0 0 0/0 18:46 2:06 3:40
Georges Laraque 0 0 0 0 2 2 1 2 0 0 0/0 16:13 3:00 0:00
Jeremy Williams 0 0 0 0 0 0 0 0 0 0 0/0 7:32 0:00 0:00
Joe Thornton 1 0 1 0 0 4 1 0 0 1 15/25 22:58 3:54 3:22
Joffrey Lupul 0 0 0 -1 0 1 0 2 0 0 0/0 8:17 0:00 0:48
Josef Vasicek 0 0 0 0 2 0 1 2 1 0 11/18 18:09 3:00 2:37
Kent Huskins 0 0 0 0 2 1 1 0 0 0 0/0 10:41 0:00 0:48
Kris Vernarsky 0 0 0 -1 0 2 0 1 0 0 4/4 9:30 0:02 1:10
Michael Grabner 0 0 0 0 2 0 1 0 0 0 2/2 21:24 3:56 2:01
Oleg Saprykin 0 0 0 0 0 0 2 0 1 0 0/0 8:16 0:00 0:15
Paul Mara 0 0 0 0 0 0 0 0 0 0 0/0 2:56 0:00 0:00
Robyn Regehr 0 0 0 -1 2 1 2 1 0 1 0/0 21:37 2:07 4:06
Ryan Mcdonagh 0 0 0 0 0 2 1 3 0 2 0/0 27:59 4:49 4:15
Players Stats for Flames
Player Name G A P +/- PIM S H SB GA TA FO MP PP MP PK MP
------------------------------------------------------------------------------------
Alexander Semin 0 1 1 1 4 5 2 0 0 0 0/0 19:03 3:44 0:32
Brad Marchand 0 0 0 0 0 1 1 0 0 0 0/0 8:18 0:57 0:14
David Backes 1 0 1 1 0 2 2 0 1 0 3/3 18:58 3:38 0:46
Eric Staal 1 1 2 1 0 4 1 1 0 1 13/31 22:45 3:28 4:13
Erik Johnson 0 0 0 0 0 1 1 3 0 0 0/0 23:37 4:32 4:26
Filip Kuba 0 0 0 1 0 2 0 2 0 1 0/0 25:33 4:31 4:12
Jordin Tootoo 0 1 1 0 0 1 2 0 1 0 0/0 15:54 0:53 1:57
Keith Ballard 0 0 0 0 0 1 0 1 0 0 0/0 13:21 0:37 1:11
Marcel Goc 0 0 0 0 0 3 1 1 0 0 4/11 12:48 0:53 0:00
Mark Bell 0 0 0 0 0 2 0 1 1 0 0/0 15:52 4:27 0:00
Mike Leclerc 0 0 0 0 0 1 0 0 0 0 0/0 11:30 0:12 4:13
Mikhail Grabovski 0 1 1 0 0 1 2 0 0 0 2/10 13:00 0:12 1:57
Milan Hejduk 0 0 0 0 0 0 3 0 1 0 0/0 12:59 4:11 0:00
Patrik Berglund 0 0 0 0 0 0 1 0 0 0 2/3 10:43 4:09 0:00
Ron Hainsey 0 1 1 0 0 0 0 0 0 2 0/0 15:52 4:20 1:08
Steve Eminger 0 0 0 1 4 3 0 2 0 1 0/0 21:15 0:06 2:00
Steve Regier 1 0 1 0 0 1 1 2 0 0 0/0 9:20 0:00 0:00
Tomas Kaberle 0 0 0 0 0 1 1 1 0 0 0/0 21:12 4:00 0:55
3 Stars
1 - Pekka Rinne (Cal)
2 - Eric Staal (Cal)
3 - David Backes (Cal)
Power Play
Predators - 0 on 4 Attempt(s) - 0,00%
Flames - 1 on 6 Attempt(s) - 16,67%
Penalty Kill
Predators - 5 on 6 Attempt(s) - 83,33%
- Score 0 goal in Penalty Kill
Flames - 4 on 4 Attempt(s) - 100,00%
- Score 0 goal in Penalty Kill
Team Stat
Predators - Hits : 16 - Faceoff Wins : 34 - Blocked Shots : 17 - Penalty Minutes : 12
Flames - Hits : 18 - Faceoff Wins : 24 - Blocked Shots : 14 - Penalty Minutes : 8
Official
Referees : Leggo Mike and Martell Rob
Linesman : Pierre Racicot and Dan Schachte
Game Notes
David Backes has scored in a empty net!
Finance
Level 1 -- Attendance: 5554 (92,57%) -- Ticket Income 472 090 $
Level 2 -- Attendance: 3260 (65,20%) -- Ticket Income 211 900 $
Level 3 -- Attendance: 1248 (62,40%) -- Ticket Income 49 920 $
Level 4 -- Attendance: 2451 (61,28%) -- Ticket Income 73 530 $
Luxury Box -- Attendance: 648 (64,80%) -- Ticket Income 139 320 $
Game was played at the Metal Center'
Total Attendance: 13161 (73,12%)
Total Ticket Income: 946 760 $
Other Income: 142 014 $
Total Income: 1 088 774 $
Predators
5 vs 5 Forward
Center Left Wing Right Wing Time % Phy DF OF
1 Joe Thornton Alexander Ovechkin Michael Grabner 40 1 2 2
2 Josef Vasicek Alexander Steen Georges Laraque 30 1 2 2
3 Andy Miele Oleg Saprykin Jeremy Williams 15 1 2 2
4 Kris Vernarsky Joffrey Lupul Andy Miele 15 1 2 2
5 vs 5 Defense
Defense Defense Time % Phy DF OF
1 Alexander Edler Ryan Mcdonagh 40 1 2 2
2 Danny Richmond Robyn Regehr 30 1 2 2
3 Kent Huskins Barret Jackman 20 1 2 2
4 Paul Mara Robyn Regehr 10 1 2 2
PowerPlay Forward
Center Left Wing Right Wing Time % Phy DF OF
1 Joe Thornton Alexander Ovechkin Michael Grabner 60 1 2 2
2 Josef Vasicek Alexander Steen Georges Laraque 40 1 2 2
PowerPlay Defense
Defense Defense Time % Phy DF OF
1 Alexander Edler Ryan Mcdonagh 60 1 2 2
2 Danny Richmond Robyn Regehr 40 1 2 2
Penalty Kill 4 Players Forward
Center Wing Time % Phy DF OF
1 Joe Thornton Alexander Ovechkin 60 1 2 2
2 Josef Vasicek Alexander Steen 40 1 2 2
Penalty Kill 4 Players Defense
Defense Defense Time % Phy DF OF
1 Alexander Edler Ryan Mcdonagh 60 1 2 2
2 Robyn Regehr Danny Richmond 40 1 2 2
Penalty Kill - 3 Players Forward
Forward Time % Phy DF OF
1 Alexander Ovechkin 60 1 2 2
2 Georges Laraque 40 1 2 2
Penalty Kill - 3 Players Defense
Defense Defense Time % Phy DF OF
1 Alexander Edler Ryan Mcdonagh 60 1 2 2
2 Robyn Regehr Danny Richmond 40 1 2 2
4 vs 4 Forward
Center Wing Time % Phy DF OF
1 Joe Thornton Alexander Ovechkin 60 1 2 2
2 Georges Laraque Oleg Saprykin 40 1 2 2
4 vs 4 Defense
Defense Defense Time % Phy DF OF
1 Alexander Edler Ryan Mcdonagh 60 1 2 2
2 Robyn Regehr Danny Richmond 40 1 2 2
Last Minutes Offensive
Center Left Wing Right Wing Defense Defense
Joe Thornton Alexander Steen Michael Grabner Alexander Edler Danny Richmond
Last Minutes Defensive
Center Left Wing Right Wing Defense Defense
Joe Thornton Oleg Saprykin Georges Laraque Ryan Mcdonagh Danny Richmond
Goaltenders
Starting : Ray Emery
Backup : Kari Lehtonen
Extra Forwards
Normal : Kris Vernarsky, Oleg Saprykin, Michael Grabner - PP : Kris Vernarsky, Oleg Saprykin - PK : Michael Grabner
Extra Defensemen
Normal : Kent Huskins, Alexander Edler, Ryan Mcdonagh - PP : Kent Huskins - PK : Danny Richmond, Ryan Mcdonagh
Penalty Shots
Alexander Steen, Joe Thornton, Alexander Ovechkin, Michael Grabner, Joffrey Lupul
Flames
5 vs 5 Forward
Center Left Wing Right Wing Time % Phy DF OF
1 Eric Staal Alexander Semin David Backes 40 1 2 2
2 Marcel Goc Mark Bell Jordin Tootoo 30 1 2 2
3 Mikhail Grabovski Steve Regier Milan Hejduk 20 1 2 2
4 Patrik Berglund Mike Leclerc Brad Marchand 10 1 2 2
5 vs 5 Defense
Defense Defense Time % Phy DF OF
1 Tomas Kaberle Steve Eminger 40 1 2 2
2 Filip Kuba Erik Johnson 30 1 2 2
3 Keith Ballard Ron Hainsey 20 1 2 2
4 Filip Kuba Steve Eminger 10 1 2 2
PowerPlay Forward
Center Left Wing Right Wing Time % Phy DF OF
1 Eric Staal Alexander Semin David Backes 60 1 2 2
2 Patrik Berglund Mark Bell Milan Hejduk 40 1 2 2
PowerPlay Defense
Defense Defense Time % Phy DF OF
1 Tomas Kaberle Erik Johnson 60 1 2 2
2 Filip Kuba Ron Hainsey 40 1 2 2
Penalty Kill 4 Players Forward
Center Wing Time % Phy DF OF
1 Eric Staal Mike Leclerc 60 1 3 1
2 Mikhail Grabovski Jordin Tootoo 40 1 3 1
Penalty Kill 4 Players Defense
Defense Defense Time % Phy DF OF
1 Filip Kuba Steve Eminger 60 1 3 1
2 Tomas Kaberle Erik Johnson 40 1 3 1
Penalty Kill - 3 Players Forward
Forward Time % Phy DF OF
1 Mike Leclerc 60 1 4 0
2 Jordin Tootoo 40 1 4 0
Penalty Kill - 3 Players Defense
Defense Defense Time % Phy DF OF
1 Filip Kuba Steve Eminger 60 1 4 0
2 Tomas Kaberle Erik Johnson 40 1 4 0
4 vs 4 Forward
Center Wing Time % Phy DF OF
1 Eric Staal Alexander Semin 60 1 2 2
2 Patrik Berglund David Backes 40 1 2 2
4 vs 4 Defense
Defense Defense Time % Phy DF OF
1 Filip Kuba Steve Eminger 60 1 2 2
2 Tomas Kaberle Erik Johnson 40 1 2 2
Last Minutes Offensive
Center Left Wing Right Wing Defense Defense
Eric Staal Alexander Semin David Backes Tomas Kaberle Steve Eminger
Last Minutes Defensive
Center Left Wing Right Wing Defense Defense
Eric Staal Alexander Semin David Backes Filip Kuba Steve Eminger
Goaltenders
Starting : Pekka Rinne
Backup : Craig Anderson
Extra Forwards
Normal : Alexander Semin, Jordin Tootoo, Mikhail Grabovski - PP : Mark Bell, Milan Hejduk - PK : David Backes
Extra Defensemen
Normal : Erik Johnson, Tomas Kaberle, Keith Ballard - PP : Tomas Kaberle - PK : Erik Johnson, Filip Kuba
Penalty Shots
Alexander Semin, Eric Staal, David Backes, Milan Hejduk, Mark Bell
% Time on Ice - Predators
Lines # - Real PCT - Wanted PCT - Time Play
Normal Forward
1 - 36% - 40% - 15:21
2 - 29% - 30% - 12:36
3 - 18% - 15% - 7:32
4 - 17% - 15% - 7:29
Normal Defense
1 - 42% - 40% - 18:15
2 - 30% - 30% - 13:00
3 - 20% - 20% - 8:47
4 - 7% - 10% - 2:56
PP Forward
1 - 57% - 60% - 3:56
2 - 43% - 40% - 3:00
PP Defense
1 - 69% - 60% - 4:49
2 - 31% - 40% - 2:07
PK Forward
1 - 73% - 60% - 6:35
2 - 27% - 40% - 2:23
PK Defense
1 - 54% - 60% - 4:49
2 - 46% - 40% - 4:09
PK3 Forward
1 - 0% - 60%
2 - 0% - 40%
PK3 Defense
1 - 0% - 60%
2 - 0% - 40%
44 Forward
1 - 60% - 60% - 0:36
2 - 40% - 40% - 0:24
44 Defense
1 - 60% - 60% - 0:36
2 - 40% - 40% - 0:24
Last Minute Offensive - 0:08
Last Minute Defensive - 0:00
Total
Forward - 60:00
Defense - 60:00
|
% Time on Ice - Flames
Lines # - Real PCT - Wanted PCT - Time Play
Normal Forward
1 - 34% - 40% - 14:32
2 - 29% - 30% - 12:31
3 - 22% - 20% - 9:20
4 - 15% - 10% - 6:35
Normal Defense
1 - 42% - 40% - 18:12
2 - 29% - 30% - 12:29
3 - 23% - 20% - 9:41
4 - 6% - 10% - 2:36
PP Forward
1 - 44% - 60% - 3:56
2 - 56% - 40% - 5:02
PP Defense
1 - 52% - 60% - 4:38
2 - 48% - 40% - 4:20
PK Forward
1 - 72% - 60% - 4:59
2 - 28% - 40% - 1:57
PK Defense
1 - 87% - 60% - 6:01
2 - 13% - 40% - 0:55
PK3 Forward
1 - 0% - 60%
2 - 0% - 40%
PK3 Defense
1 - 0% - 60%
2 - 0% - 40%
44 Forward
1 - 100% - 60% - 1:00
2 - 0% - 40% - 0:00
44 Defense
1 - 62% - 60% - 0:37
2 - 38% - 40% - 0:23
Last Minute Offensive - 0:00
Last Minute Defensive - 0:08
Total
Forward - 60:00
Defense - 60:00
|
Play by Play
1st period
0:01 of 1st period - Joe Thornton wins face-off versus Eric Staal in neutral zone.
0:09 of 1st period - Snap shot by Alexander Semin.
0:09 of 1st period - Stopped by Ray Emery without a rebound.
0:10 of 1st period - Eric Staal wins face-off versus Joe Thornton in Predators zone.
0:17 of 1st period - Wrist shot by Eric Staal.
0:17 of 1st period - Stopped by Ray Emery with a rebound.
0:21 of 1st period - Wrist shot by Eric Staal.
0:21 of 1st period - Shot Blocked by Ryan Mcdonagh.
1:43 of 1st period - Snap shot by Alexander Ovechkin.
1:43 of 1st period - Shot Blocked by Steve Eminger.
1:57 of 1st period - Wrist shot by Eric Staal.
1:57 of 1st period - Stopped by Ray Emery with a rebound.
1:59 of 1st period - Wrist shot by David Backes.
1:59 of 1st period - Shot Blocked by Ryan Mcdonagh.
2:01 of 1st period - Slapshot by Tomas Kaberle.
2:01 of 1st period - Shot Blocked by Ryan Mcdonagh.
2:03 of 1st period - Slapshot by Steve Eminger.
2:03 of 1st period - Stopped by Ray Emery with a rebound.
2:10 of 1st period - Minor Penalty to Michael Grabner for Hooking.
2:11 of 1st period - Patrik Berglund wins face-off versus Josef Vasicek in Predators zone.
4:10 of 1st period - Penalty to Michael Grabner is over, Michael Grabner is back on ice.
4:56 of 1st period - Oleg Saprykin is hit by Patrik Berglund and loses puck.
5:39 of 1st period - Oleg Saprykin is hit by Eric Staal and loses puck.
8:04 of 1st period - Alexander Ovechkin is hit by Steve Regier and loses puck.
9:07 of 1st period - Icing by Steve Eminger.
9:08 of 1st period - Josef Vasicek wins face-off versus Eric Staal in Flames zone.
9:11 of 1st period - Wrist shot by Alexander Ovechkin.
9:11 of 1st period - Shot Misses the Net.
11:36 of 1st period - Wrist shot by Jordin Tootoo.
11:36 of 1st period - Shot Misses the Net.
11:50 of 1st period - Snap shot by Mikhail Grabovski.
11:50 of 1st period - Shot Blocked by Robyn Regehr.
11:52 of 1st period - Snap shot by Steve Regier.
11:52 of 1st period - Goal by Steve Regier - Predators : 0 - Flames : 1.
11:53 of 1st period - Josef Vasicek wins face-off versus Marcel Goc in neutral zone.
12:04 of 1st period - Snap shot by Jordin Tootoo.
12:04 of 1st period - Deflect By Georges Laraque.
12:04 of 1st period - Shot Blocked by Josef Vasicek.
12:04 of 1st period - Puck is out of play.
12:05 of 1st period - Josef Vasicek wins face-off versus Marcel Goc in Predators zone.
12:14 of 1st period - Snap shot by Alexander Steen.
12:14 of 1st period - Shot Misses the Net.
12:16 of 1st period - Snap shot by Josef Vasicek.
12:16 of 1st period - Shot Blocked by Mark Bell.
12:18 of 1st period - Backhand shot by Alexander Steen.
12:18 of 1st period - Shot Misses the Net.
12:54 of 1st period - Ron Hainsey is hit by Alexander Ovechkin and loses puck.
13:15 of 1st period - Snap shot by Kris Vernarsky.
13:15 of 1st period - Shot Misses the Net.
13:17 of 1st period - Slapshot by Kris Vernarsky.
13:17 of 1st period - Stopped by Pekka Rinne with a rebound.
13:19 of 1st period - Snap shot by Andy Miele.
13:19 of 1st period - Shot Misses the Net.
13:38 of 1st period - Off-side.
13:39 of 1st period - Josef Vasicek wins face-off versus Marcel Goc in neutral zone.
13:42 of 1st period - Jordin Tootoo is hit by Josef Vasicek and loses puck.
13:53 of 1st period - Snap shot by Mark Bell.
13:53 of 1st period - Stopped by Ray Emery without a rebound.
13:54 of 1st period - Joe Thornton wins face-off versus Eric Staal in Predators zone.
14:06 of 1st period - Minor Penalty to Alexander Semin for Hooking.
14:07 of 1st period - Joe Thornton wins face-off versus Eric Staal in Flames zone.
14:36 of 1st period - Icing by Alexander Edler.
14:37 of 1st period - Eric Staal wins face-off versus Josef Vasicek in Predators zone.
14:50 of 1st period - Tomas Kaberle is hit by Alexander Ovechkin and loses puck.
14:59 of 1st period - Slapshot by Joe Thornton.
14:59 of 1st period - Stopped by Pekka Rinne without a rebound.
15:00 of 1st period - Eric Staal wins face-off versus Alexander Ovechkin in Flames zone.
15:05 of 1st period - Minor Penalty to Danny Richmond for High sticking.
15:06 of 1st period - Joe Thornton wins face-off versus Eric Staal in Predators zone.
15:21 of 1st period - Wrist shot by Jordin Tootoo.
15:21 of 1st period - Stopped by Ray Emery with a rebound.
15:48 of 1st period - Kent Huskins is hit by Mikhail Grabovski and loses puck.
16:06 of 1st period - Penalty to Alexander Semin is over, Alexander Semin is back on ice.
16:23 of 1st period - Alexander Edler is hit by Alexander Semin.
17:04 of 1st period - Robyn Regehr is hit by Milan Hejduk.
17:05 of 1st period - Penalty to Danny Richmond is over, Danny Richmond is back on ice.
17:14 of 1st period - Danny Richmond is hit by Milan Hejduk and loses puck.
17:27 of 1st period - Slapshot by Tomas Kaberle.
17:27 of 1st period - Shot Blocked by Alexander Ovechkin.
17:29 of 1st period - Slapshot by Tomas Kaberle.
17:29 of 1st period - Shot Blocked by Danny Richmond.
17:31 of 1st period - Slapshot by Tomas Kaberle.
17:31 of 1st period - Stopped by Ray Emery without a rebound.
17:32 of 1st period - Josef Vasicek wins face-off versus Patrik Berglund in Predators zone.
18:00 of 1st period - Wrist shot by Marcel Goc.
18:00 of 1st period - Stopped by Ray Emery with a rebound.
18:02 of 1st period - Snap shot by Keith Ballard.
18:02 of 1st period - Shot Blocked by Joffrey Lupul.
18:22 of 1st period - Snap shot by Alexander Edler.
18:22 of 1st period - Deflect By Andy Miele.
18:22 of 1st period - Stopped by Pekka Rinne without a rebound.
18:23 of 1st period - Eric Staal wins face-off versus Andy Miele in Flames zone.
18:46 of 1st period - Snap shot by Alexander Ovechkin.
18:46 of 1st period - Stopped by Pekka Rinne without a rebound.
18:47 of 1st period - Marcel Goc wins face-off versus Joe Thornton in Flames zone.
18:52 of 1st period - Slapshot by Joe Thornton.
18:52 of 1st period - Stopped by Pekka Rinne without a rebound.
18:53 of 1st period - Marcel Goc wins face-off versus Alexander Steen in Flames zone.
19:08 of 1st period - Snap shot by Georges Laraque.
19:08 of 1st period - Shot Blocked by Marcel Goc.
Goals for this period are 0 for Predators vs 1 for Flames.
Shots for this period are 5 for Predators vs 9 for Flames.
2nd period
0:01 of 2nd period - Eric Staal wins face-off versus Josef Vasicek in neutral zone.
0:01 of 2nd period - Eric Staal is hit by Georges Laraque.
0:13 of 2nd period - Wrist shot by Georges Laraque.
0:13 of 2nd period - Stopped by Pekka Rinne without a rebound.
0:14 of 2nd period - Joe Thornton wins face-off versus Marcel Goc in Flames zone.
0:37 of 2nd period - Minor Penalty to Steve Eminger for Roughing.
0:38 of 2nd period - Eric Staal wins face-off versus Joe Thornton in Flames zone.
0:46 of 2nd period - Off-side.
0:47 of 2nd period - Michael Grabner wins face-off versus Eric Staal in neutral zone.
0:52 of 2nd period - Snap shot by Alexander Ovechkin.
0:52 of 2nd period - Stopped by Pekka Rinne with a rebound.
0:54 of 2nd period - Wrist shot by Joe Thornton.
0:54 of 2nd period - Shot Blocked by Erik Johnson.
0:56 of 2nd period - Slapshot by Alexander Edler.
0:56 of 2nd period - Shot Misses the Net.
0:58 of 2nd period - Slapshot by Alexander Edler.
0:58 of 2nd period - Shot Blocked by Erik Johnson.
1:00 of 2nd period - Snap shot by Michael Grabner.
1:00 of 2nd period - Shot Misses the Net.
1:02 of 2nd period - Slapshot by Ryan Mcdonagh.
1:02 of 2nd period - Stopped by Pekka Rinne with a rebound.
1:04 of 2nd period - Slapshot by Ryan Mcdonagh.
1:04 of 2nd period - Stopped by Pekka Rinne with a rebound.
1:30 of 2nd period - Alexander Edler is hit by Mikhail Grabovski.
1:57 of 2nd period - Snap shot by Alexander Steen.
1:57 of 2nd period - Stopped by Pekka Rinne with a rebound.
1:59 of 2nd period - Wrist shot by Georges Laraque.
1:59 of 2nd period - Stopped by Pekka Rinne with a rebound.
2:01 of 2nd period - Slapshot by Danny Richmond.
2:01 of 2nd period - Shot Blocked by Erik Johnson.
2:31 of 2nd period - Snap shot by Alexander Semin.
2:31 of 2nd period - Stopped by Ray Emery with a rebound.
2:33 of 2nd period - Slapshot by Keith Ballard.
2:33 of 2nd period - Shot Misses the Net.
2:37 of 2nd period - Penalty to Steve Eminger is over, Steve Eminger is back on ice.
3:09 of 2nd period - Tomas Kaberle is hit by Kent Huskins and loses puck.
3:48 of 2nd period - Minor Penalty to Alexander Semin for Hooking.
3:49 of 2nd period - Joe Thornton wins face-off versus Eric Staal in Flames zone.
5:48 of 2nd period - Penalty to Alexander Semin is over, Alexander Semin is back on ice.
5:51 of 2nd period - Jordin Tootoo is hit by Michael Grabner.
6:05 of 2nd period - Snap shot by Alexander Semin.
6:05 of 2nd period - Stopped by Ray Emery with a rebound.
6:29 of 2nd period - Snap shot by Alexander Semin.
6:29 of 2nd period - Shot Blocked by Kris Vernarsky.
6:31 of 2nd period - Slapshot by Keith Ballard.
6:31 of 2nd period - Stopped by Ray Emery without a rebound.
6:32 of 2nd period - Patrik Berglund wins face-off versus Andy Miele in Predators zone.
6:33 of 2nd period - Snap shot by Mike Leclerc.
6:33 of 2nd period - Stopped by Ray Emery with a rebound.
6:41 of 2nd period - Patrik Berglund is hit by Oleg Saprykin and loses puck.
7:07 of 2nd period - Wrist shot by Alexander Steen.
7:07 of 2nd period - Stopped by Pekka Rinne without a rebound.
7:08 of 2nd period - Marcel Goc wins face-off versus Josef Vasicek in Flames zone.
7:18 of 2nd period - Wrist shot by David Backes.
7:18 of 2nd period - Shot Misses the Net.
7:20 of 2nd period - Slapshot by Keith Ballard.
7:20 of 2nd period - Shot Blocked by Georges Laraque.
7:22 of 2nd period - Slapshot by Keith Ballard.
7:22 of 2nd period - Shot Misses the Net.
7:32 of 2nd period - Brad Marchand is hit by Joe Thornton and loses puck.
7:45 of 2nd period - Snap shot by Joe Thornton.
7:45 of 2nd period - Stopped by Pekka Rinne with a rebound.
8:19 of 2nd period - Snap shot by Mike Leclerc.
8:19 of 2nd period - Shot Misses the Net.
8:21 of 2nd period - Slapshot by Filip Kuba.
8:21 of 2nd period - Stopped by Ray Emery without a rebound.
8:22 of 2nd period - Josef Vasicek wins face-off versus Eric Staal in Predators zone.
8:33 of 2nd period - Snap shot by Alexander Semin.
8:33 of 2nd period - Stopped by Ray Emery without a rebound.
8:34 of 2nd period - Josef Vasicek wins face-off versus Eric Staal in Predators zone.
8:39 of 2nd period - Backhand shot by David Backes.
8:39 of 2nd period - Shot Blocked by Alexander Edler.
9:19 of 2nd period - Off-side.
9:20 of 2nd period - Joe Thornton wins face-off versus Mikhail Grabovski in neutral zone.
9:25 of 2nd period - Slapshot by Alexander Edler.
9:25 of 2nd period - Stopped by Pekka Rinne without a rebound.
9:26 of 2nd period - Eric Staal wins face-off versus Joe Thornton in Flames zone.
9:28 of 2nd period - Minor Penalty to Steve Eminger for Delaying the game.
9:29 of 2nd period - Joe Thornton wins face-off versus Eric Staal in Flames zone.
10:01 of 2nd period - Filip Kuba is hit by Alexander Steen and loses puck.
10:54 of 2nd period - Snap shot by David Backes.
10:54 of 2nd period - Stopped by Ray Emery without a rebound.
10:55 of 2nd period - Eric Staal wins face-off versus Joe Thornton in Predators zone.
11:12 of 2nd period - Wrist shot by Mikhail Grabovski.
11:12 of 2nd period - Shot Misses the Net.
11:28 of 2nd period - Penalty to Steve Eminger is over, Steve Eminger is back on ice.
11:40 of 2nd period - Wrist shot by Andy Miele.
11:40 of 2nd period - Stopped by Pekka Rinne with a rebound.
11:42 of 2nd period - Snap shot by Kent Huskins.
11:42 of 2nd period - Shot Misses the Net.
11:44 of 2nd period - Slapshot by Kent Huskins.
11:44 of 2nd period - Shot Blocked by Eric Staal.
11:46 of 2nd period - Wrist shot by Kris Vernarsky.
11:46 of 2nd period - Deflect By Andy Miele.
11:46 of 2nd period - Stopped by Pekka Rinne with a rebound.
11:57 of 2nd period - Icing by Filip Kuba.
11:58 of 2nd period - Eric Staal wins face-off versus Andy Miele in Flames zone.
12:06 of 2nd period - Icing by Filip Kuba.
12:07 of 2nd period - Marcel Goc wins face-off versus Joe Thornton in Flames zone.
12:24 of 2nd period - Wrist shot by Mark Bell.
12:24 of 2nd period - Deflect By Alexander Ovechkin.
12:24 of 2nd period - Shot Misses the Net.
12:24 of 2nd period - Puck is out of play.
12:25 of 2nd period - Josef Vasicek wins face-off versus Eric Staal in Predators zone.
12:50 of 2nd period - Jordin Tootoo is hit by Ryan Mcdonagh and loses puck.
12:55 of 2nd period - Snap shot by Joe Thornton.
12:55 of 2nd period - Shot Blocked by Tomas Kaberle.
13:17 of 2nd period - Mikhail Grabovski is hit by Robyn Regehr and loses puck.
14:45 of 2nd period - Patrik Berglund is hit by Alexander Ovechkin.
15:16 of 2nd period - Wrist shot by Eric Staal.
15:16 of 2nd period - Stopped by Ray Emery without a rebound.
15:17 of 2nd period - Josef Vasicek wins face-off versus Marcel Goc in Predators zone.
15:28 of 2nd period - Wrist shot by Josef Vasicek.
15:28 of 2nd period - Shot Misses the Net.
15:30 of 2nd period - Slapshot by Alexander Edler.
15:30 of 2nd period - Deflect By Filip Kuba.
15:30 of 2nd period - Stopped by Pekka Rinne with a rebound.
16:02 of 2nd period - Wrist shot by Kent Huskins.
16:02 of 2nd period - Stopped by Pekka Rinne without a rebound.
16:03 of 2nd period - Kris Vernarsky wins face-off versus Mikhail Grabovski in Flames zone.
16:04 of 2nd period - Snap shot by Barret Jackman.
16:04 of 2nd period - Shot Blocked by Steve Regier.
16:21 of 2nd period - Wrist shot by Kris Vernarsky.
16:21 of 2nd period - Deflect By Filip Kuba.
16:21 of 2nd period - Shot Misses the Net.
16:21 of 2nd period - Puck is out of play.
16:22 of 2nd period - Joe Thornton wins face-off versus Eric Staal in Flames zone.
16:48 of 2nd period - Michael Grabner is hit by Milan Hejduk and loses puck.
17:23 of 2nd period - Snap shot by Alexander Steen.
17:23 of 2nd period - Stopped by Pekka Rinne without a rebound.
17:24 of 2nd period - Andy Miele wins face-off versus Eric Staal in Flames zone.
17:59 of 2nd period - Snap shot by Mark Bell.
17:59 of 2nd period - Stopped by Ray Emery without a rebound.
18:00 of 2nd period - Joe Thornton wins face-off versus Mikhail Grabovski in Predators zone.
18:30 of 2nd period - Snap shot by Alexander Steen.
18:30 of 2nd period - Stopped by Pekka Rinne with a rebound.
18:32 of 2nd period - Snap shot by Josef Vasicek.
18:32 of 2nd period - Shot Misses the Net.
18:54 of 2nd period - Wrist shot by Jordin Tootoo.
18:54 of 2nd period - Shot Misses the Net.
18:56 of 2nd period - Slapshot by Steve Eminger.
18:56 of 2nd period - Stopped by Ray Emery without a rebound.
18:57 of 2nd period - Joe Thornton wins face-off versus Marcel Goc in Predators zone.
19:12 of 2nd period - Wrist shot by Joe Thornton.
19:12 of 2nd period - Deflect By Michael Grabner.
19:12 of 2nd period - Shot Misses the Net.
19:12 of 2nd period - Puck is out of play.
19:13 of 2nd period - Josef Vasicek wins face-off versus Eric Staal in Flames zone.
19:19 of 2nd period - Icing by Erik Johnson.
19:20 of 2nd period - Eric Staal wins face-off versus Josef Vasicek in Flames zone.
19:52 of 2nd period - Wrist shot by Alexander Ovechkin.
19:52 of 2nd period - Shot Blocked by Filip Kuba.
19:54 of 2nd period - Wrist shot by Alexander Ovechkin.
19:54 of 2nd period - Stopped by Pekka Rinne without a rebound.
19:55 of 2nd period - Joe Thornton wins face-off versus Eric Staal in Flames zone.
Goals for this period are 0 for Predators vs 0 for Flames.
Shots for this period are 16 for Predators vs 10 for Flames.
3rd period
0:01 of 3rd period - Michael Grabner wins face-off versus Eric Staal in neutral zone.
0:11 of 3rd period - Ryan Mcdonagh is hit by Erik Johnson and loses puck.
0:39 of 3rd period - Minor Penalty to Georges Laraque for Hooking.
0:40 of 3rd period - Joe Thornton wins face-off versus Eric Staal in Predators zone.
2:39 of 3rd period - Penalty to Georges Laraque is over, Georges Laraque is back on ice.
2:49 of 3rd period - Minor Penalty to Robyn Regehr for Diving.
2:50 of 3rd period - Joe Thornton wins face-off versus Eric Staal in Predators zone.
2:52 of 3rd period - Wrist shot by Eric Staal.
2:52 of 3rd period - Goal by Eric Staal - Predators : 0 - Flames : 2.
2:53 of 3rd period - Eric Staal wins face-off versus Joe Thornton in neutral zone.
2:58 of 3rd period - Alexander Edler is hit by Tomas Kaberle and loses puck.
3:43 of 3rd period - Steve Eminger is hit by Robyn Regehr and loses puck.
4:06 of 3rd period - Wrist shot by Alexander Ovechkin.
4:06 of 3rd period - Shot Misses the Net.
4:08 of 3rd period - Slapshot by Danny Richmond.
4:08 of 3rd period - Shot Blocked by Filip Kuba.
4:31 of 3rd period - Slapshot by Erik Johnson.
4:31 of 3rd period - Shot Blocked by Barret Jackman.
4:47 of 3rd period - Slapshot by Steve Regier.
4:47 of 3rd period - Shot Misses the Net.
6:18 of 3rd period - Joffrey Lupul is hit by Jordin Tootoo and loses puck.
6:39 of 3rd period - Snap shot by Alexander Steen.
6:39 of 3rd period - Stopped by Pekka Rinne with a rebound.
7:07 of 3rd period - Snap shot by Steve Regier.
7:07 of 3rd period - Shot Misses the Net.
7:13 of 3rd period - Snap shot by Mikhail Grabovski.
7:13 of 3rd period - Stopped by Ray Emery without a rebound.
7:14 of 3rd period - Josef Vasicek wins face-off versus Mikhail Grabovski in Predators zone.
7:21 of 3rd period - Slapshot by Robyn Regehr.
7:21 of 3rd period - Stopped by Pekka Rinne without a rebound.
7:22 of 3rd period - David Backes wins face-off versus Josef Vasicek in Flames zone.
8:47 of 3rd period - Snap shot by Alexander Steen.
8:47 of 3rd period - Stopped by Pekka Rinne without a rebound.
8:48 of 3rd period - David Backes wins face-off versus Josef Vasicek in Flames zone.
8:48 of 3rd period - David Backes is hit by Alexander Steen.
9:09 of 3rd period - Minor Penalty to Kent Huskins for High sticking.
9:10 of 3rd period - Eric Staal wins face-off versus Joe Thornton in Predators zone.
11:05 of 3rd period - Alexander Edler is hit by Brad Marchand and loses puck.
11:09 of 3rd period - Penalty to Kent Huskins is over, Kent Huskins is back on ice.
11:16 of 3rd period - Snap shot by Brad Marchand.
11:16 of 3rd period - Stopped by Ray Emery with a rebound.
11:18 of 3rd period - Snap shot by Marcel Goc.
11:18 of 3rd period - Stopped by Ray Emery without a rebound.
11:19 of 3rd period - Mikhail Grabovski wins face-off versus Andy Miele in Predators zone.
11:26 of 3rd period - Ron Hainsey is hit by Barret Jackman and loses puck.
11:43 of 3rd period - Barret Jackman is hit by Jordin Tootoo and loses puck.
12:00 of 3rd period - Slapshot by Brad Marchand.
12:00 of 3rd period - Shot Misses the Net.
12:40 of 3rd period - Minor Penalty to Josef Vasicek for Charging.
12:41 of 3rd period - David Backes wins face-off versus Joe Thornton in Predators zone.
14:21 of 3rd period - Alexander Steen is hit by Alexander Semin and loses puck.
14:40 of 3rd period - Penalty to Josef Vasicek is over, Josef Vasicek is back on ice.
14:56 of 3rd period - Slapshot by Kris Vernarsky.
14:56 of 3rd period - Stopped by Pekka Rinne without a rebound.
14:57 of 3rd period - Kris Vernarsky wins face-off versus Marcel Goc in Flames zone.
15:05 of 3rd period - Wrist shot by Andy Miele.
15:05 of 3rd period - Stopped by Pekka Rinne with a rebound.
15:07 of 3rd period - Slapshot by Barret Jackman.
15:07 of 3rd period - Shot Blocked by Steve Eminger.
15:09 of 3rd period - Snap shot by Joffrey Lupul.
15:09 of 3rd period - Stopped by Pekka Rinne without a rebound.
15:10 of 3rd period - Joe Thornton wins face-off versus Mikhail Grabovski in Flames zone.
15:11 of 3rd period - Snap shot by Alexander Ovechkin.
15:11 of 3rd period - Shot Misses the Net.
15:13 of 3rd period - Wrist shot by Alexander Ovechkin.
15:13 of 3rd period - Shot Misses the Net.
15:15 of 3rd period - Slapshot by Barret Jackman.
15:15 of 3rd period - Shot Misses the Net.
15:17 of 3rd period - Snap shot by Joe Thornton.
15:17 of 3rd period - Shot Blocked by Keith Ballard.
15:19 of 3rd period - Snap shot by Joe Thornton.
15:19 of 3rd period - Goal by Joe Thornton - Predators : 1 - Flames : 2.
15:20 of 3rd period - Kris Vernarsky wins face-off versus Mikhail Grabovski in neutral zone.
15:23 of 3rd period - Slapshot by Alexander Edler.
15:23 of 3rd period - Stopped by Pekka Rinne with a rebound.
15:35 of 3rd period - Slapshot by Tomas Kaberle.
15:35 of 3rd period - Shot Blocked by Joffrey Lupul.
15:47 of 3rd period - Alexander Ovechkin is hit by David Backes and loses puck.
15:54 of 3rd period - Slapshot by Alexander Semin.
15:54 of 3rd period - Stopped by Ray Emery with a rebound.
16:12 of 3rd period - Snap shot by Mike Leclerc.
16:12 of 3rd period - Shot Blocked by Georges Laraque.
16:34 of 3rd period - Snap shot by Marcel Goc.
16:34 of 3rd period - Stopped by Ray Emery with a rebound.
16:36 of 3rd period - Slapshot by Steve Eminger.
16:36 of 3rd period - Deflect By Joe Thornton.
16:36 of 3rd period - Stopped by Ray Emery without a rebound.
16:37 of 3rd period - Mikhail Grabovski wins face-off versus Andy Miele in Predators zone.
16:52 of 3rd period - Slapshot by Danny Richmond.
16:52 of 3rd period - Stopped by Pekka Rinne with a rebound.
17:08 of 3rd period - Danny Richmond is hit by David Backes and loses puck.
17:25 of 3rd period - Snap shot by Filip Kuba.
17:25 of 3rd period - Stopped by Ray Emery with a rebound.
17:27 of 3rd period - Snap shot by Mike Leclerc.
17:27 of 3rd period - Shot Misses the Net.
17:33 of 3rd period - Snap shot by Brad Marchand.
17:33 of 3rd period - Shot Blocked by Josef Vasicek.
17:35 of 3rd period - Backhand shot by Erik Johnson.
17:35 of 3rd period - Stopped by Ray Emery with a rebound.
17:37 of 3rd period - Snap shot by Brad Marchand.
17:37 of 3rd period - Shot Blocked by Danny Richmond.
18:15 of 3rd period - Off-side.
18:16 of 3rd period - Andy Miele wins face-off versus Mikhail Grabovski in neutral zone.
18:31 of 3rd period - Mikhail Grabovski is hit by Oleg Saprykin and loses puck.
18:51 of 3rd period - Predators, Ray Emery is pulled from the net.
18:51 of 3rd period - Wrist shot by Michael Grabner.
18:51 of 3rd period - Deflect By Alexander Ovechkin.
18:51 of 3rd period - Shot Misses the Net.
18:51 of 3rd period - Puck is out of play.
18:52 of 3rd period - John Tortorella call a timeout for Predators.
18:52 of 3rd period - Eric Staal wins face-off versus Joe Thornton in Flames zone.
18:59 of 3rd period - Snap shot by David Backes.
18:59 of 3rd period - Goal by David Backes - Predators : 1 - Flames : 3.
18:59 of 3rd period - Ray Emery from Predators was sent back in the game.
19:00 of 3rd period - Kris Vernarsky wins face-off versus Mikhail Grabovski in neutral zone.
19:15 of 3rd period - Slapshot by Alexander Edler.
19:15 of 3rd period - Shot Blocked by Steve Regier.
19:25 of 3rd period - Ryan Mcdonagh is hit by Marcel Goc and loses puck.
19:34 of 3rd period - Slapshot by Jordin Tootoo.
19:34 of 3rd period - Shot Blocked by Alexander Edler.
19:36 of 3rd period - Snap shot by Marcel Goc.
19:36 of 3rd period - Shot Misses the Net.
Goals for this period are 1 for Predators vs 2 for Flames.
Shots for this period are 9 for Predators vs 10 for Flames.
Output by the SimonT Hockey Simulator (STHS) for François Prévost -- Original Page W3C XHTML 1.0 Valid